 Dungeon Crawl Stone Soup version 0.30-a0-847-g17996783a1 (webtiles) character file.

Game seed: 10546316977155637987

149 Darius099 the Ruffian (level 5, -3/50 HPs)
             Began as a Troll Monk on Mar 4, 2023.
             Slain by a kobold brigand
             ... wielding a +0 dagger
              (6 damage)
             ... in a sewer.
             The game lasted 00:02:12 (1952 turns).

Darius099 the Ruffian (Troll Monk)                  Turns: 1952, Time: 00:02:13

Health: -3/50      AC:  4    Str: 19    XL:     5   Next: 9%
Magic:  4/4        EV: 10    Int:  6    God:
Gold:   147        SH:  0    Dex: 14    Spells: 4/4 levels left

rFire   . . .      SeeInvis .      - Unarmed
rCold   . . .      Faith    .    (no shield)
rNeg    . . .      Spirit   .    a - +0 robe
rPois   .          Reflect  .    (helmet restricted)
rElec   .          Rampage  .    n - scarf {repulsion}
rCorr   .                        (gloves unavailable)
Will    .....                    (boots unavailable)
Stlth   +                        (no amulet)
HPRegen 1.08/turn                (no ring)
MPRegen 0.09/turn                (no ring)

@: confused, ambrosia-drunk, repel missiles
A: large, unfitting armour, claws 3, regeneration 1, shaggy fur 1, tough skin 1
a: no special abilities


You were in a sewer.
You visited 1 branch of the dungeon, and saw 3 of its levels.
You also visited: Sewer.

You collected 147 gold pieces.

Inventory:

Armour
 a - a +0 robe (worn)
 n - a scarf of repulsion (worn)
Scrolls
 c - a scroll of identify {unknown}
 d - a scroll of amnesia {unknown}
 f - 2 scrolls of fog {unknown}
 i - 4 scrolls of teleportation {unknown}
 k - a scroll of blinking {unknown}
 m - a scroll of vulnerability {unknown}
Potions
 e - 3 potions of attraction {unknown}
 g - 2 potions of resistance {unknown}
 h - 2 potions of curing {unknown}
 j - a potion of haste {unknown}
 l - 4 potions of mutation {unknown}
 o - 3 potions of cancellation {unknown}


   Skills:
 - Level 2.4 Fighting
 - Level 2.4 Dodging
 - Level 1.0 Stealth
 + Level 5.8 Unarmed Combat


You had 4 spell levels left.
You didn't know any spells.
Your spell library contained the following spells:

 Spells                   Type           Power      Damage    Failure   Level
 Cigotuvi's Dreadful Rot  Necr/Pois/Air  0%         N/A       58%         2
 Ignite Poison            Fire/Tmut/Pois 0%         N/A       83%         3
 Kindle Blastsparks       Fire/Tloc/Air  0%         2d10      83%         3
 Dispel Undead            Necr           0%         3d6       99%         4
 Freezing Cloud           Conj/Ice/Air   0%         6-21      100%        5
 Death Channel            Necr           0%         N/A       100%        6


Dungeon Overview and Level Annotations

Branches:
Dungeon (3/15)              Sewer (1/1)

Altars:


Innate Abilities, Weirdness & Mutations

You are too large for most types of armour.
You have claws for hands.
Your natural rate of healing is unusually fast.
You are covered in fur. (AC +1)
You have tough skin. (AC +1)


Message History

The kobold closely misses you. The kobold barely misses you.
The kobold brigand hits you with a +0 dagger!
The kobold barely misses you.
You scratch the kobold brigand.
The kobold brigand is heavily wounded.
The kobold hits you with a +0 short sword.
The kobold barely misses you.
The kobold brigand hits you with a +0 dagger.
* * * LOW HITPOINT WARNING * * *
The kobold barely misses you.
You closely miss the kobold brigand.
The kobold brigand is heavily wounded.
The kobold hits you but does no damage. The kobold hits you with a +0 whip.
* * * LOW HITPOINT WARNING * * *
The kobold brigand misses you.
The kobold hits you with a +0 short sword.
* * * LOW HITPOINT WARNING * * *
You scratch the kobold brigand but do no damage.
The kobold brigand is heavily wounded.
The kobold hits you with a +0 short sword.
* * * LOW HITPOINT WARNING * * *
The kobold hits you with a +0 whip.
* * * LOW HITPOINT WARNING * * *
The kobold brigand barely misses you. The kobold hits you but does no damage.
You barely miss the kobold brigand.
The kobold brigand is heavily wounded.
You claw the kobold brigand!
The kobold brigand is almost dead.
The kobold misses you. The kobold hits you with a +0 whip.
* * * LOW HITPOINT WARNING * * *
The kobold brigand hits you with a +0 dagger.
* * * LOW HITPOINT WARNING * * *
The kobold hits you but does no damage.
You are confused.
You feel invigorated.
The kobold hits you with a +0 short sword.
* * * LOW HITPOINT WARNING * * *
The kobold closely misses you.
The kobold brigand hits you with a +0 dagger.
You die...

~P..P~P~~~~~.~~~#)...#
#######~##############
~~~~~~~~~~~~~~~~~~#
≈≈≈≈~≈≈≈≈≈~≈≈≈≈≈~≈
~~~~~~~~~~~~~~~~~~
#~~~~##########~######
†P~~~~P~P...P~P~#....#
~~~~~~~~~P..~~~~KK.∩.#
.P~P~.......~.P~@KK..#
.......†........#K!.!#
........##P.....######
...#...##########
...#...# #..##### ####


You could see a kobold brigand and 4 kobolds.

Vanquished Creatures
  A kobold brigand (Sewer)
  An adder (D:3)
  A worm (D:2)
  2 dart slugs
  7 bats
  5 endoplasms
  3 giant cockroaches
  3 goblins
  5 hobgoblins
  6 jackals (D:1)
  7 ball pythons
  A frilled lizard (D:2)
  9 kobolds
  8 rats
59 creatures vanquished.

Notes
Turn   | Place    | Note
-------+----------+-------------------------------------------
     0 | D:1      | Darius099 the Troll Monk began the quest for the Orb.
     0 | D:1      | Reached XP level 1. HP: 22/22 MP: 0/0
    77 | D:1      | Reached XP level 2. HP: 29/29 MP: 1/1
   374 | D:1      | Reached skill level 4 in Unarmed Combat
   953 | D:2      | Reached XP level 3. HP: 36/36 MP: 2/2
  1039 | D:2      | Identified the +5 ring mail of the Serpent {MP+9}
  1785 | D:3      | Found a glowing drain.
  1789 | D:3      | Reached XP level 4. HP: 40/44 MP: 3/3
  1797 | Sewer    | Entered a sewer
  1823 | Sewer    | Reached skill level 5 in Unarmed Combat
  1936 | Sewer    | Noticed a kobold brigand
  1936 | Sewer    | Noticed a kobold brigand
  1945 | Sewer    | Killed a kobold brigand
  1946 | Sewer    | Reached XP level 5. HP: 24/50 MP: 4/4
  1951 | Sewer    | HP: 2/50 [kobold brigand/+0 dagger (5)]
  1952 | Sewer    | Slain by a kobold brigand

Illustrated notes

Levels and vault maps discovered:
D:1:      tarquinn_simple_flora_water_e, layout_basic
D:2:      layout_loops_ring, st_stairs_14
D:3:      layout_loops_ring, zin_scriptorium, portal_sewer_entry_d, hex_medium,
          nicolae_eternal_life, uniq_jessica
Sewer:    kennysheep_pipe_town

Skill      XL: |  1  2  3  4 |
---------------+-------------+-----
Unarmed Combat | 4 5 |  5.8
Fighting       | |  2.4
Dodging        | |  2.4
Stealth        | |  1.0

Action                     |  1- 3 |  4- 6 || total
---------------------------+-------+-------++-------
  Melee: Unarmed           |   108 |    46 ||   154
         Punch             |     1 |       ||     1
    Use: Potion            |       |     1 ||     1
   Stab: Sleeping          |     4 |     1 ||     5
 Armour: Robe              |    39 |    17 ||    56
  Dodge: Dodged            |    63 |    36 ||    99

Table legend: (Time is in decaauts)
 A = Elapsed time spent in this place.
 B = Non-inter-level travel time spent in this place.
 C = Inter-level travel time spent in this place.
 D = Time resting spent in this place.
 E = Time spent auto-exploring this place.
 F = Levels seen in this place.
 G = Mean time per level.
                   A        B        C        D        E       F      G
               +--------+--------+--------+--------+--------+-----+--------+
         Total |   1939 |   1877 |     62 |      0 |   1476 |   4 |  484.8 |
       Dungeon |   1788 |   1726 |     62 |      0 |   1393 |   3 |  596.0 |
         Sewer |    150 |    150 |      0 |      0 |     83 |   1 |  150.0 |
               +--------+--------+--------+--------+--------+-----+--------+

Top non-repeatable levels by time:
     D:1: 937 daAuts
     D:2: 603 daAuts
     D:3: 248 daAuts
   Sewer: 150 daAuts
